AoeStats
← my_time_my_map

Nomad

510166926Analyzed
2v2 RM · 1d ago on Sep 29, 2026· 52m 8s· 4 players
Game mode
Random Map
Map size
176×176
Population
200
Speed
Normal
Resources
Standard
Victory
Conquest
Starting age
Dark Age
Ending age
Imperial Age
RankedLock teamsTeams togetherTeam positionsShared explorationLock speedFull tech treeHidden civsTurbo modeCheats
Victory
Defeat
🇨🇿 Persians · Czechia
913
+18
🇺🇸 Danes · United States
879
+19
🇺🇸 Britons · United States
1025
-22
🇺🇸 Ethiopians · United States
872
-15
my_time_my_map
16:10 Feudal Age
17:39 Loom
20:58 Castle Age
19:12 Double-Bit Axe
21:09 Bloodlines
21:32 Scale Barding Armor
27:08 Medium Warships
28:45 Wheelbarrow
28:42 Fletching
30:09 Town Watch
32:02 Horse Collar
32:40 Bow Saw
34:34 Hand Cart
37:36 Town Patrol
38:40 Bodkin Arrow
41:24 Imperial Age
38:32 Man-at-Arms
39:14 Elite Skirmisher
40:55 Chain Barding Armor
40:47 Forging
43:21 Cavalier
44:21 Gold Mining
44:21 Stone Mining
44:14 Fishing Lines
46:39 Plate Barding Armor
46:41 Iron Casting
49:03 Citadels
49:20 Kamandaran
50:53 Gold Shaft Mining
50:28 Heavy Plow
JonnyRebb
8:18 Loom
13:35 Feudal Age
14:04 Double-Bit Axe
14:28 Gold Mining
14:39 Fishing Lines
14:52 Man-at-Arms
15:52 Arson
19:44 Wheelbarrow
19:22 Scale Mail Armor
24:30 Castle Age
27:19 Medium Warships
28:13 Gillnets
28:58 Fletching
31:22 Bodkin Arrow
31:47 Hand Cart
35:05 Gold Shaft Mining
35:38 Bow Saw
35:12 Horse Collar
35:36 Town Watch
38:52 Imperial Age
36:47 Chain Mail Armor
36:21 Long Swordsman
38:47 Town Patrol
40:25 Ballistics
40:26 Elite Varangian Guard
42:58 Plate Mail Armor
43:11 Squires
43:29 Elite Jomsviking
46:02 Forging
47:52 Chemistry
47:31 Gambesons
teddy 050
7:13 Loom
7:59 Loom
13:42 Feudal Age
17:21 Wheelbarrow
26:40 Castle Age
24:57 Forging
24:48 Scale Mail Armor
28:29 Chain Mail Armor
30:13 Hand Cart
29:45 Town Watch
30:52 Padded Archer Armor
32:36 Squires
37:59 Crossbowman
40:01 Light Cavalry
40:42 Husbandry
40:58 Scale Barding Armor
47:25 Imperial Age
48:49 Iron Casting
48:31 Leather Archer Armor
48:06 Fletching
Ace
11:25 Loom
13:29 Feudal Age
21:12 Castle Age
21:07 Fletching
21:30 Forging
21:34 Crossbowman
22:21 Padded Archer Armor
24:16 Husbandry
26:27 Pikeman
27:08 Squires
30:04 Gold Mining
39:59 Double-Bit Axe
40:00 Horse Collar
41:00 Wheelbarrow
41:26 Iron Casting
40:53 Scale Mail Armor
45:57 Imperial Age
45:48 Bodkin Arrow
46:08 Leather Archer Armor
47:05 Bracer
48:04 Ring Archer Armor
47:58 Conscription
47:58 Arbalester
49:30 Bow Saw
49:24 Heavy Plow
50:27 Ballistics
51:08 Chemistry
52:46 Blast Furnace
Connection lost

Rejoining the realm…

Still unreachable

The connection could not be restored.

Session expired

The server has moved on; the page needs a fresh start.